 Dungeon Crawl Stone Soup version 0.22-b1-26-g9dbaab1 (webtiles) character file.

134 zishaf the Digger (level 5, -1/39 HPs)
             Began as a Formicid Earth Elementalist on Aug 8, 2018.
             Slain by a river rat (4 damage)
             ... in a sewer.
             The game lasted 00:05:17 (2162 turns).

zishaf the Digger (Formicid Earth Elementalist)     Turns: 2162, Time: 00:05:17

Health: -1/39      AC:  6    Str: 13    XL:     5   Next: 40%
Magic:  1/8        EV: 11    Int: 15    God:
Gold:   123        SH:  0    Dex: 11    Spells: 7/8 levels left

rFire    . . .     SeeInvis +   n - -3 dagger (curse)
rCold    . . .     Gourm    .   (no shield)
rNeg     + . .     Faith    .   k - +1 ring mail
rPois    .         Spirit   .   (helmet unavailable)
rElec    .         Reflect  .   (no cloak)
rCorr    .         Harm     .   (no gloves)
MR       .....                  (no boots)
Stlth    +.........             (no amulet)
HPRegen  0.13/turn              a - ring of positive energy
MPRegen  0.11/turn              (no ring)

@: no status effects
A: permanent stasis, dig shafts and tunnels, four strong arms, antennae 3
a: Dig, Shaft Self


You were in a sewer.
You were not hungry.

You visited 1 branch of the dungeon, and saw 3 of its levels.
You also visited: Sewer.

You collected 123 gold pieces.

Inventory:

Hand Weapons
 f - a +0 club
 n - a cursed -3 dagger (weapon)
Missiles
 b - 48 stones (quivered)
Armour
 c - a +0 robe
 k - a +1 ring mail (worn)
 m - a +0 plate armour
Jewellery
 a - a ring of positive energy (left hand)
Scrolls
 e - a scroll of identify {unknown}
 h - a scroll of teleportation {unknown}
 i - a scroll of blinking {unknown}
 j - a scroll of enchant armour
 l - a scroll of amnesia {unknown}
 p - a scroll of enchant weapon {unknown}
Comestibles
 d - 3 rations
 g - 9 chunks of flesh


   Skills:
 + Level 2.4 Fighting
 + Level 1.6 Armour
 - Level 2.0 Dodging
 - Level 2.4 Stealth
 - Level 2.1 Spellcasting
   Level 1.1 Transmutations
 * Level 5.6 Earth Magic


You had 7 spell levels left.
You knew the following spells:

 Your Spells              Type           Power        Failure   Level  Hunger
a - Sandblast             Erth           ###...       4%          1    #......

Your spell library contained the following spells:

 Spells                   Type           Power        Failure   Level  Hunger
 Stone Arrow              Conj/Erth      ##....       41%         3    ###....
 Passwall                 Tmut/Erth      ##......     19%         2    ###....
 Lee's Rapid Deconstruct  Erth           ###.......   77%         5    ######.
 Petrify                  Tmut/Erth      ##......     75%         4    #####..


Dungeon Overview and Level Annotations

Branches:
Dungeon (3/15)

Altars:


Innate Abilities, Weirdness & Mutations

You cannot be hasted, slowed, berserked, paralysed or teleported.
You can dig through walls and to a lower floor.
Your four strong arms can wield two-handed weapons with a shield.
You have a pair of large antennae on your head. (SInv)


Message History

The river rat is heavily wounded.
The river rat twitches its whiskers.
The river rat barely misses you.
You barely miss the river rat.
The river rat is heavily wounded.
The river rat bites you but does no damage.
You hit the river rat but do no damage.
The river rat is heavily wounded.
The rat twitches its whiskers.
The river rat bites you but does no damage.
You closely miss the river rat.
The river rat is heavily wounded.
The river rat barely misses you.
You hit the river rat but do no damage.
The river rat is heavily wounded.
The river rat barely misses you.
You closely miss the river rat.
The river rat is heavily wounded.
The river rat bites you.
You die... ############### #@rrr∩.∩......≈ ###############

You could see 2 river rats and a rat.

Vanquished Creatures
  An orc priest (D:3)
  3 adders
  3 worms
  5 dart slugs
  3 leopard geckos (D:3)
  3 orcs
  4 bats
  A giant cockroach (D:3)
  7 goblins
  10 hobgoblins
  2 jackals
  2 quokkas
  2 frilled lizards
  6 rats
52 creatures vanquished.

Notes
Turn   | Place    | Note
-------+----------+-------------------------------------------
     0 | D:1      | zishaf the Formicid Earth Elementalist began the quest for the Orb.
     0 | D:1      | Reached XP level 1. HP: 13/13 MP: 3/3
   138 | D:1      | Reached XP level 2. HP: 20/20 MP: 3/5
   140 | D:1      | Reached skill level 4 in Earth Magic
   216 | D:1      | Reached skill level 1 in Fighting
   343 | D:1      | Reached XP level 3. HP: 26/26 MP: 2/6
   990 | D:2      | Reached XP level 4. HP: 33/33 MP: 5/7
  1127 | D:2      | Reached skill level 5 in Earth Magic
  1939 | D:2      | Reached skill level 1 in Armour
  1990 | D:3      | Reached XP level 5. HP: 12/38 MP: 1/8
  2132 | D:3      | Found a glowing drain.
  2141 | Sewer    | Entered a sewer
  2162 | Sewer    | Slain by a river rat

Skill      XL: |  1  2  3  4 |
---------------+-------------+-----
Dodging        | 2 |  2.0
Earth Magic    | 4 5 |  5.6
Fighting       | 1 2 |  2.4
Armour         | 1 |  1.6
Stealth        | |  2.4
Spellcasting   | |  2.1
Transmutations | |  1.1

Action                   |  1- 3 |  4- 6 || total
-------------------------+-------+-------++-------
Melee: Unarmed           |     1 |       ||     1
       Club              |     9 |       ||     9
       Dagger            |       |    28 ||    28
 Cast: Sandblast         |    30 |    43 ||    73
 Abil: Dig               |       |     1 ||     1
  Use: Scroll            |       |     1 ||     1
       Potion            |       |     1 ||     1
  Eat: Chunk             |     1 |     4 ||     5
Armor: Ring mail         |     1 |    20 ||    21
Dodge: Dodged            |    10 |    25 ||    35
